 Dungeon Crawl Stone Soup version 0.27-a0-1347-gd8886f0a89 (webtiles) character file.

Game seed: 3251853880182732740

874 octoduck the Basher (level 7, -2/53 HPs)
             Began as a Demonspawn Berserker on June 27, 2021.
             Was an Elder of Trog.
             Shot with an arrow by a centaur (6 damage)
             ... on level 5 of the Dungeon.
             The game lasted 00:13:50 (6035 turns).

octoduck the Basher (Demonspawn Berserker)          Turns: 6035, Time: 00:13:51

Health: -2/53      AC:  2    Str: 18    XL:     7   Next: 74%
Magic:  7/7        EV: 14    Int:  8    God:    Trog [****..]
Gold:   165        SH:  0    Dex: 14    Spells: 6/6 levels left

rFire    . . .     SeeInvis .   a - +0 mace
rCold    . . .     Faith    .   (no shield)
rNeg     . . .     Spirit   .   (no armour)
rPois    .         Reflect  .   o - +0 helmet
rElec    .         Harm     .   (no cloak)
rCorr    .         Rampage  .   n - +0 pair of gloves
Will     .....                  (no boots)
Stlth    +.........             (no amulet)
HPRegen  0.17/turn              (no ring)
MPRegen  0.10/turn              (no ring)

@: about to teleport
A: claws 1, repulsion field 1, ignite blood 1, spiny 2
a: Renounce Religion, Berserk, Trog's Hand, Brothers in Arms


You were on level 5 of the Dungeon.
You worshipped Trog.
Trog was greatly pleased with you.
You visited 1 branch of the dungeon, and saw 5 of its levels.

You collected 165 gold pieces.

Inventory:

Hand Weapons
 a - a +0 mace (weapon)
 i - a +0 hunting sling
Missiles
 f - 69 sling bullets
 j - 115 stones
Armour
 b - a +0 animal skin
 g - a +1 leather armour
 n - a +0 pair of gloves (worn)
 o - a +0 helmet (worn)
 q - a scarf of shadows
Jewellery
 d - a ring of protection from fire
 r - a ring of positive energy
Scrolls
 c - a scroll of teleportation
 l - 2 scrolls of noise
Potions
 e - a potion of brilliance {unknown}
 h - a potion of berserk rage {unknown}
 k - 2 potions of heal wounds {unknown}
 m - a potion of mutation {unknown}
 p - 2 potions of attraction {unknown}
 s - a potion of flight {unknown}


   Skills:
 - Level 3.6 Fighting
 + Level 8.2 Maces & Flails
 - Level 1.9 Armour
 - Level 2.1 Dodging


You had 6 spell levels left.
You didn't know any spells.
Your spell library was empty.

Dungeon Overview and Level Annotations

Branches:
Dungeon (5/15)
 Temple: D:4-7

Altars:
Cheibriados
Vehumet

Annotations:
D:5 2 transporters, exclusion: quasit, Wobber's ghost, novice OpTm


Innate Abilities, Weirdness & Mutations

You have sharp fingernails.
You are surrounded by a mild repulsion field. (EV +2)
Your demonic aura sometimes causes spilled blood to erupt in flames.
You are mostly covered in sharp spines.


Message History

You start resting.
HP restored.
You start waiting.
Done waiting.
You now have 157 gold pieces (gained 6).
You now have 165 gold pieces (gained 8).
A sky beast comes into view.
Found 16 gold pieces.
You hit the sky beast.
The sky beast is lightly wounded.
The sky beast misses you.
You hit the sky beast.
The sky beast is moderately wounded.
The sky beast hits you. The sky beast shocks you.
You hit the sky beast.
The sky beast is heavily wounded.
The sky beast is struck by your spines. The sky beast hits you.
The sky beast shocks you.
You completely miss the sky beast.
The sky beast is severely wounded.
The sky beast hits you. The sky beast shocks you.
The sky beast flickers out of sight!
Deactivating autopickup; reactivate with Ctrl-A.
Trog accepts your kill.
Reactivating autopickup.
You feel a bit more experienced.
Your Maces & Flails skill increases to level 8!
Found a stone staircase leading down.
A centaur comes into view.
The centaur wields a +0 shortbow.
The centaur shoots an arrow.
The arrow hits you!
* * * LOW HITPOINT WARNING * * *
Found a stone staircase leading up.
The centaur shoots an arrow.
The arrow hits you.
* * * LOW HITPOINT WARNING * * *
As you read the scroll of teleportation, it crumbles to dust.
You feel strangely unstable.
The centaur shoots an arrow.
The arrow hits you.
* * * LOW HITPOINT WARNING * * *
The centaur shoots an arrow.
The arrow hits you.
You die...

#... #.... #.... ##
#..# ## ###
##.##..####.##..c#
#.................
#...>.............
#........°@.......
#......#######....
#......##...# .
#......##...#
#...........#
.................#
............##...#
....$.....[.##...##
..................#


You could see a centaur.

Vanquished Creatures
  A sky beast (D:5)
  A necrophage (D:4)
  2 ogres
  A phantom (D:3)
  3 scorpions
  An iguana (D:4)
  2 orc wizards (D:5)
  2 hound skeletons
  Robin (D:3)
  4 adders
  3 worms
  3 dart slugs
  12 orcs
  11 ball pythons
  13 endoplasms
  17 goblins
  6 hobgoblins
  22 jackals
  2 kobolds
  A quokka (D:2)
  5 bats
  3 frilled lizards
  7 rats
123 creatures vanquished.

Notes
Turn   | Place    | Note
-------+----------+-------------------------------------------
     0 | D:1      | octoduck the Demonspawn Berserker began the quest for the
                  | Orb.
     0 | D:1      | Reached XP level 1. HP: 18/18 MP: 1/1
   315 | D:1      | Gained mutation: You are partially covered in sharp spines.
                  | [demonic ancestry]
   315 | D:1      | Reached XP level 2. HP: 22/24 MP: 2/2
   318 | D:1      | Reached skill level 3 in Maces & Flails
   514 | D:1      | Reached ** piety under Trog
   518 | D:1      | Gained mutation: Your demonic aura sometimes causes spilled
                  | blood to erupt in flames. [demonic ancestry]
   518 | D:1      | Reached XP level 3. HP: 17/29 MP: 3/3
  1271 | D:2      | Found a faded altar of an unknown god.
  1548 | D:2      | Gained mutation: You have sharp fingernails. [demonic
                  | ancestry]
  1548 | D:2      | Reached XP level 4. HP: 37/37 MP: 4/4
  1804 | D:3      | Reached *** piety under Trog
  2016 | D:3      | Reached skill level 4 in Maces & Flails
  2430 | D:3      | Found a snail-covered altar of Cheibriados.
  2475 | D:3      | Noticed Robin
  2484 | D:3      | Killed Robin
  3211 | D:3      | Noticed an ogre
  3226 | D:3      | Killed an ogre
  3227 | D:3      | Reached skill level 5 in Maces & Flails
  3227 | D:3      | Gained mutation: You are surrounded by a mild repulsion
                  | field. (EV +2) [demonic ancestry]
  3227 | D:3      | Reached XP level 5. HP: 33/42 MP: 5/5
  3791 | D:4      | Reached XP level 6. HP: 17/48 MP: 6/6
  3794 | D:4      | HP: 1/48 [poisoned by a scorpion]
  4086 | D:3      | Reached skill level 6 in Maces & Flails
  4547 | D:4      | Found a radiant altar of Vehumet.
  5070 | D:4      | Reached skill level 7 in Maces & Flails
  5070 | D:4      | Gained mutation: You are mostly covered in sharp spines.
                  | [demonic ancestry]
  5070 | D:4      | Reached XP level 7. HP: 36/53 MP: 7/7
  5233 | D:5      | Entered Level 5 of the Dungeon
  5347 | D:5      | Reached **** piety under Trog
  5631 | D:5      | Noticed Wobber's ghost (novice OpTm)
  5657 | D:5      | Found a transporter.
  5677 | D:5      | Found a transporter.
  6024 | D:5      | Reached skill level 8 in Maces & Flails
  6035 | D:5      | Shot with an arrow by a centaur

Illustrated notes

Levels and vault maps discovered:
D:1:      scummos_arrival_star, layout_rooms, st_stairs_10
D:2:      layout_rooms, ebering_ecumenical_altar_hall
D:3:      layout_basic, general_overflow_altar, roderic_lattice_a,
          minmay_ogre_servants, uniq_robin
D:4:      layout_loops_cross, kennysheep_little_box, grunt_decor_one_mirror
D:5:      layout_gridville, gammafunk_ghost_stat_death, uniq_sigmund

Skill      XL: |  1  2  3  4  5  6  7 |
---------------+----------------------+-----
Maces & Flails | 3 5 7 8 |  8.2
Dodging        | 2 |  2.1
Fighting       | |  3.6
Armour         | |  1.9

Action                   |  1- 3 |  4- 6 |  7- 9 || total
-------------------------+-------+-------+-------++-------
Melee: Mace              |    73 |   136 |    46 ||   255
Invok: Berserk           |     1 |     3 |       ||     4
       Trog's Hand       |       |     1 |       ||     1
  Use: Scroll            |       |     6 |     1 ||     7
       Potion            |       |     1 |       ||     1
 Stab: Sleeping          |     1 |     2 |       ||     3
Armor: Animal skin       |    14 |     2 |       ||    16
       Skin              |       |     4 |     4 ||     8
Dodge: Dodged            |    33 |    68 |    24 ||   125

Table legend: (Time is in decaauts)
 A = Elapsed time spent in this place.
 B = Non-inter-level travel time spent in this place.
 C = Inter-level travel time spent in this place.
 D = Time resting spent in this place.
 E = Time spent auto-exploring this place.
 F = Levels seen in this place.
 G = Mean time per level.
                   A        B        C        D        E       F      G
               +--------+--------+--------+--------+--------+-----+--------+
         Total |   6105 |   5976 |    129 |   2651 |   2215 |   5 | 1221.0 |
       Dungeon |   6105 |   5976 |    129 |   2651 |   2215 |   5 | 1221.0 |
               +--------+--------+--------+--------+--------+-----+--------+

Top non-repeatable levels by time:
     D:3: 1884 daAuts
     D:4: 1429 daAuts
     D:2: 1013 daAuts
     D:1: 974 daAuts
     D:5: 803 daAuts
